 Dungeon Crawl Stone Soup version 0.19-a0-1097-g38e3b35 (webtiles) character file.

12976 epen the Destroyer (level 11, -3/92 HPs)
             Began as a Green Draconian Conjurer on Aug 7, 2016.
             Was an Elder of Vehumet.
             Slain by a white ugly thing (17 damage)
             ... on level 11 of the Dungeon on Aug 8, 2016.
             The game lasted 00:44:45 (16900 turns).

epen the Destroyer (Green Draconian Conjurer)      Turns: 16900, Time: 00:44:46

Health: -3/92      AC: 14    Str: 11    XL:     11   Next: 69%
Magic:  11/24      EV: 18    Int: 17    God:    Vehumet [****..]
Gold:   537        SH:  5    Dex: 11    Spells: 6 memorised, 11 levels left

rFire  . . .     SeeInvis .     d - +2 dagger (chaos)
rCold  . . .     Gourm    .     (armour unavailable)
rNeg   . . .     Faith    .     (no shield)
rPois  +         Spirit   .     (helmet restricted)
rElec  .         Dismiss  .     (no cloak)
rCorr  .         Reflect  +     g - +2 pair of gloves
SustAt .         Harm     .     F - +1 pair of boots
MR     .....     Clarity  +     Q - +5 amulet of reflection
Stlth  ++........               H - +4 ring of evasion
                                S - +2 ring of protection

@: slowed, studying Shields, very slow
A: breathe noxious fumes, unfitting armour, horns 1, clarity, dopey 1, poison
resistance, cold-blooded, MP-powered wands, AC +7
a: Breathe Noxious Fumes, Renounce Religion


You were on level 11 of the Dungeon.
You worshipped Vehumet.
Vehumet was greatly pleased with you.
You were very hungry.

You visited 2 branches of the dungeon, and saw 12 of its levels.
You also visited: Bailey.

You collected 801 gold pieces.
You spent 264 gold pieces at shops.

Inventory:

Hand Weapons
 d - a +2 dagger of chaos (weapon)
 e - a +0 dagger
Missiles
 T - a throwing net (quivered)
Armour
 g - a +2 pair of gloves (worn)
 F - a +1 pair of boots (worn)
 M - a +2 pair of gloves
Jewellery
 H - a +4 ring of evasion (right hand)
 Q - a +5 amulet of reflection (around neck)
 S - a +2 ring of protection (left hand)
Wands
 r - a wand of teleportation (4/9)
 v - a wand of paralysis (10/24)
 x - a wand of digging (19/24)
 y - a wand of digging (8/24)
 G - a wand of slowing (30/48)
 I - a wand of flame (24/48)
 N - a wand of heal wounds (7/9)
Scrolls
 f - a scroll of enchant weapon
 j - a scroll of magic mapping
 m - 2 scrolls of amnesia
 n - 4 scrolls of identify
 p - 3 scrolls of remove curse
 q - 3 scrolls of fog
 s - 3 scrolls of enchant armour
 t - 2 scrolls of random uselessness
Potions
 c - 2 potions of cure mutation
 h - a potion of lignification
 i - 2 potions of brilliance
 o - 2 potions of might
 u - a potion of curing
 w - a potion of ambrosia {unknown}
 z - a potion of invisibility
 A - a potion of heal wounds
 J - a potion of agility
 L - a potion of magic
Books
 a - a book of Conjurations

   Spells                             Type                      Level
   a - Magic Dart                     Conjuration                  1
   b - Searing Ray                    Conjuration                  2
   c - Dazzling Spray                 Conjuration/Hexes            3
   d - Fulminant Prism                Conjuration/Hexes            4
   e - Iskenderun's Mystic Blast      Conjuration                  4
   f - Iskenderun's Battlesphere      Conjuration/Charms           5
 D - a manual of Shields
Comestibles
 b - 14 bread rations
 k - 4 fruits
 l - 9 beef jerkies
 O - a meat ration
 P - a slice of pizza


   Skills:
 + Level 7.4 Fighting
 + Level 6.0 Dodging
 - Level 1.7 Stealth
 + Level 5.8 Shields
 * Level 9.0 Spellcasting
 * Level 10.7 Conjurations
 + Level 5.8 Hexes
 + Level 2.0 Charms
 + Level 3.7 Ice Magic


You had 11 spell levels left.
You knew the following spells:

 Your Spells              Type           Power        Failure   Level  Hunger
a - Magic Dart            Conj           ####         1%          1    None
b - Searing Ray           Conj           #####.       1%          2    None
c - Dazzling Spray        Conj/Hex       #####.       1%          3    None
d - Fulminant Prism       Conj/Hex       #####.....   1%          4    ###....
e - Throw Frost           Conj/Ice       ####..       1%          2    None
f - Iskenderun's Battles  Conj/Chrm      ####....     5%          5    #####..


Dungeon Overview and Level Annotations

Branches:
Dungeon (11/15)            Temple (1/1) D:6            Lair (0/6) D:11
    Orc (0/2) D:9

Altars:
Ashenzari
Fedhas
Gozag
Hepliaklqana
Nemelex Xobeh
Pakellas
Ru
Sif Muna
Trog
Uskayaw
Vehumet
Xom
Yredelemnul
Zin
The Shining One

Shops:
D:10 }


Innate Abilities, Weirdness & Mutations

You can breathe blasts of noxious fumes.
Your lurid green scales are hard. (AC +7)
Your body does not fit into most forms of armour.
Your system is resistant to poisons. (rPois)
You are cold-blooded and may be slowed by cold attacks.
You have a pair of small horns on your head.
You possess an exceptional clarity of mind.
You are dopey. (Int -2)
You expend magic power (3 MP) to strengthen your wands.


Message History

You hit the white ugly thing but do no damage.
The white ugly thing is poisoned.
The white ugly thing is severely wounded.
You feel yourself speed up.
You block the white ugly thing's attack.
The white ugly thing stings you. The white ugly thing freezes you!!
You feel yourself slow down.
* * * LOW HITPOINT WARNING * * *
A yak comes into view.
Casting: Fulminant Prism
Confirm with . or Enter, or press ? or * to list all spells.
Aiming: Fulminant Prism
Press: ? - help, Dir - move target cursor You conjure a prism of explosive energy!
You are feeling very hungry.
The white ugly thing stings you.
* * * LOW HITPOINT WARNING * * *
The white ugly thing freezes you!
You feel as though you will be slow longer.
You die...

#........#######.....
#........'....##.....
#........####..'.....
#.......[# ####.....
#........# #.....
####'##### #..... #.#
#..... #.# ####.. #@#
###..# #u# #..... #Y#
###### .*Y ..... ...
.#### ..... .....
#......


You could see a white ugly thing, 2 yaks and a friendly fulminant prism.

Vanquished Creatures
  A centaur warrior (D:11)
  A skeletal warrior (D:9)
  Pikel (D:9)
  A hill giant (D:7)
  An ugly thing (D:11)
  A centaur zombie (D:10)
  2 trolls
  A shadow (D:10)
  A wyvern (D:10)
  4 yaks (D:11)
  3 hippogriffs
  A wraith (D:9)
  A hungry ghost (D:9)
  Eustachio (D:4)
  14 orc warriors
  A slave (D:9)
  4 ice beasts
  5 sky beasts
  5 phantoms
  A necrophage (D:9)
  2 eyes of draining (D:8)
  12 ogres
  14 centaurs
  Blork the orc (D:4)
  3 big kobolds
  4 giant frogs
  A wyvern zombie (D:9)
  A gnoll sergeant (D:9)
  2 jellies
  3 scorpions
  18 killer bees
  5 wights (D:9)
  6 crimson imps
  A quasit (D:8)
  3 orc priests
  3 hounds
  Natasha (twice) (D:4)
  4 iguanas
  9 orc wizards
  8 worker ants
  A killer bee zombie (D:10)
  A hound zombie (D:9)
  A hound skeleton (D:6)
  2 howler monkey zombies
  A worker ant zombie (D:7)
  11 adders
  4 gnolls (D:9)
  A shadow imp (D:9)
  An ooze (D:3)
  3 adder skeletons
  4 worms
  7 giant geckos
  57 orcs
  6 bats
  3 giant cockroaches
  9 goblins
  9 hobgoblins
  15 jackals
  12 kobolds
  8 quokkas
  2 ball pythons
  2 giant gecko skeletons
  6 giant newts
  A jackal skeleton (D:4)
  6 rats
325 creatures vanquished.

Vanquished Creatures (others)
  2 slaves (D:9)
  A sky beast (D:11)
  44 fulminant prisms
47 creatures vanquished.

Grand Total: 372 creatures vanquished

Notes
Turn   | Place    | Note
-------+----------+-------------------------------------------
     0 | D:1      | epen the Draconian Conjurer began the quest for the Orb.
     0 | D:1      | Reached XP level 1. HP: 14/14 MP: 3/3
   681 | D:1      | Reached XP level 2. HP: 22/22 MP: 1/5
   686 | D:1      | Learned a level 2 spell: Searing Ray
  1271 | D:2      | Reached skill level 1 in Fighting
  1429 | D:2      | Reached XP level 3. HP: 28/28 MP: 6/6
  1610 | D:2      | Learned a level 3 spell: Dazzling Spray
  2222 | D:2      | Reached XP level 4. HP: 32/35 MP: 8/8
  2871 | D:3      | Reached skill level 5 in Conjurations
  3009 | D:3      | Found a faded altar of an unknown god.
  3340 | D:4      | Noticed Eustachio
  3493 | D:4      | Noticed Natasha
  3533 | D:4      | Killed Natasha
  3533 | D:4      | Reached XP level 5. HP: 9/41 MP: 0/9
  4196 | D:4      | Reached skill level 1 in Hexes
  4345 | D:4      | Noticed Blork the orc
  4684 | D:4      | Killed Eustachio
  4684 | D:4      | Reached XP level 6. HP: 16/50 MP: 11/11
  4954 | D:4      | Noticed Natasha
  4959 | D:4      | Killed Natasha
  5204 | D:4      | Killed Blork the orc
  5204 | D:4      | Your scales start taking on a lurid green colour.
  5204 | D:4      | Reached XP level 7. HP: 20/57 MP: 0/13
  5204 | D:4      | Gained mutation: Your system is resistant to poisons. (rPois) [Green Draconian growth]
  5485 | D:5      | Entered Level 5 of the Dungeon
  5647 | D:5      | Found an oddly glowing altar of Pakellas.
  5928 | D:5      | Reached skill level 6 in Conjurations
  6143 | D:6      | Found a glowing golden altar of the Shining One.
  6250 | D:6      | Reached skill level 5 in Spellcasting
  6250 | D:6      | Reached XP level 8. HP: 27/66 MP: 11/15
  6682 | D:6      | Reached skill level 7 in Conjurations
  6718 | D:6      | Found a staircase to the Ecumenical Temple.
  6729 | Temple   | Entered the Ecumenical Temple
  6739 | Temple   | Became a worshipper of Vehumet
  6753 | Temple   | Learned a level 4 spell: Fulminant Prism
  7422 | D:7      | Found a flagged portal.
  7431 | Bailey   | Entered a bailey
  7897 | Bailey   | Reached * piety under Vehumet
  7897 | Bailey   | Offered knowledge of Flame Tongue by Vehumet.
  7897 | Bailey   | Reached XP level 9. HP: 48/73 MP: 15/18
  8122 | Bailey   | Reached skill level 5 in Fighting
  8402 | Bailey   | Reached skill level 8 in Conjurations
  9221 | D:7      | Noticed a troll
  9239 | D:7      | Killed a troll
  9304 | D:7      | Noticed a hill giant
  9359 | D:7      | Killed a hill giant
  9359 | D:7      | Reached skill level 1 in Shields
  9359 | D:7      | Reached XP level 10. HP: 19/83 MP: 0/21
  9651 | D:7      | Found a blossoming altar of Fedhas.
  9651 | D:7      | Found a sacrificial altar of Ru.
  9651 | D:7      | Found a glowing silver altar of Zin.
  9651 | D:7      | Found a deep blue altar of Sif Muna.
  9657 | D:7      | Found a hide-covered altar of Uskayaw.
  9657 | D:7      | Found a shattered altar of Ashenzari.
  9842 | D:7      | Found a sparkling altar of Nemelex Xobeh.
  9843 | D:7      | Found a glowing golden altar of the Shining One.
 10064 | D:8      | Found a bloodstained altar of Trog.
 10089 | D:8      | Reached skill level 9 in Conjurations
 10330 | D:8      | Reached ** piety under Vehumet
 10330 | D:8      | Offered knowledge of Throw Frost by Vehumet.
 10330 | D:8      | Reached skill level 5 in Dodging
 10334 | D:8      | Learned a level 2 spell: Throw Frost
 10828 | D:8      | Reached skill level 1 in Ice Magic
 11825 | D:9      | Reached skill level 5 in Hexes
 12040 | D:9      | Offered knowledge of Inner Flame by Vehumet.
 12337 | D:9      | Found a glowing golden altar of the Shining One.
 12446 | D:9      | Reached *** piety under Vehumet
 12679 | D:9      | Noticed Pikel
 12692 | D:9      | Killed Pikel
 12983 | D:9      | Noticed a skeletal warrior
 12986 | D:9      | Upgraded the game from 0.19-a0-1091-g463c9de to 0.19-a0-1097-g38e3b35
 13007 | D:9      | Killed a skeletal warrior
 13007 | D:9      | Reached skill level 10 in Conjurations
 13007 | D:9      | Reached XP level 11. HP: 74/89 MP: 4/23
 13022 | D:9      | Noticed a death knight
 13024 | D:9      | Noticed a skeletal warrior
 13082 | D:8      | Offered knowledge of Conjure Flame by Vehumet.
 13230 | D:9      | Found a staircase to the Orcish Mines.
 14603 | D:10     | Entered Level 10 of the Dungeon
 14911 | D:10     | Learned a level 5 spell: Iskenderun's Battlesphere
 15246 | D:10     | Reached **** piety under Vehumet
 15284 | D:10     | Reached skill level 5 in Shields
 15602 | D:10     | Found Peteuh's Gadget Emporium.
 15608 | D:10     | Bought a wand of teleportation (4/9) for 264 gold pieces
 15816 | D:10     | Gained mutation: You are clumsy. (Dex -2) [potion of mutation]
 15816 | D:10     | Gained mutation: Your body sometimes deteriorates upon taking damage. [potion of mutation]
 15816 | D:10     | Gained mutation: Your mind is acute. (Int +2) [potion of mutation]
 15817 | D:10     | Gained mutation: You regenerate slowly when monsters are visible. [potion of mutation]
 15817 | D:10     | Lost mutation: Your mind is acute. (Int +2) [potion of mutation]
 15818 | D:10     | Lost mutation: You are clumsy. (Dex -2) [potion of cure mutation]
 15818 | D:10     | Lost mutation: You regenerate slowly when monsters are visible. [potion of cure mutation]
 15818 | D:10     | Lost mutation: Your body sometimes deteriorates upon taking damage. [potion of cure mutation]
 15829 | D:11     | Found a staircase to the Lair.
 15900 | D:11     | Noticed a purple ugly thing
 16222 | D:11     | Reached skill level 1 in Charms
 16222 | D:11     | Offered knowledge of Lee's Rapid Deconstruction by Vehumet.
 16261 | D:11     | Killed a purple ugly thing
 16483 | D:11     | Noticed a centaur warrior
 16502 | D:11     | Killed a centaur warrior
 16535 | D:11     | Gained mutation: Your spells are a little harder to cast, but a little more powerful. [mutagenic meat]
 16538 | D:11     | Gained mutation: You are dopey. (Int -2) [mutagenic meat]
 16541 | D:11     | Gained mutation: You have a pair of small horns on your head. [mutagenic meat]
 16567 | D:11     | Gained mutation: You tend to lose your temper in combat. [mutagenic meat]
 16573 | D:11     | Gained mutation: You possess an exceptional clarity of mind. [mutagenic meat]
 16576 | D:11     | Lost mutation: Your spells are a little harder to cast, but a little more powerful. [mutagenic meat]
 16579 | D:11     | Gained mutation: You expend magic power (3 MP) to strengthen your wands. [mutagenic meat]
 16585 | D:11     | Lost mutation: You tend to lose your temper in combat. [mutagenic meat]
 16884 | D:11     | Noticed a white ugly thing
 16900 | D:11     | Slain by a white ugly thing

Vault maps used:
D:1:      lemuel_arrival_behind_the_door_small
D:2:      eino_tiny_chamber
D:3:      ecumenical_altar_1
D:4:      first_bread, uniq_eustachio, uniq_blork_the_orc, uniq_natasha
D:5:      basic_altar
D:6:      tso_metal_star
D:7:      minmay_overflow_temple_hex, gammafunk_temple_overflow_statue,
          enter_bailey_3
D:8:      trog_eyes_of_draining
D:9:      orc_0_dummy, basic_altar, uniq_pikel
D:10:     serial_shops, shop, grunt_ogre_cave
D:11:     dpeg_oklobed_lair
Temple:   dshaligram_water_room_temple
Bailey:   bailey_polearm_flooded_kennysheep, bailey

Skill      XL: |  1  2  3  4  5  6  7  8  9 10 11 |
---------------+----------------------------------+-----
Fighting       | 1 2 3 4 6 7 |  7.4
Dodging        | 2 3 4 5 6 |  6.0
Spellcasting   | 3 4 5 6 7 8 9 |  9.0
Conjurations   | 5 6 7 8 10 | 10.7
Hexes          | 1 2 3 4 5 |  5.8
Shields        | 1 4 5 |  5.8
Ice Magic      | 2 3 |  3.7
Charms         | 2 |  2.0
Stealth        | |  1.7

Action                   |  1- 3 |  4- 6 |  7- 9 | 10-12 || total
-------------------------+-------+-------+-------+-------++-------
Melee: Unarmed           |    11 |       |       |       ||    11
       Dagger            |   158 |   271 |   427 |   721 ||  1577
       Tailslap          |    17 |    25 |    42 |    80 ||   164
       Headbutt          |       |       |       |     3 ||     3
 Cast: Magic Dart        |    33 |     6 |    36 |    20 ||    95
       Searing Ray       |     2 |       |       |     4 ||     6
       Dazzling Spray    |     2 |    28 |    64 |   106 ||   200
       Fulminant Prism   |       |       |       |    46 ||    46
       Iskenderun's Batt |       |       |       |     3 ||     3
 Abil: Breathe Noxious F |       |       |    28 |    21 ||    49
  Use: Scroll            |       |     1 |     1 |    20 ||    22
       Potion            |       |     2 |     2 |     6 ||    10
 Stab: Sleeping          |     5 |     1 |     2 |     1 ||     9
       Invisible         |       |     3 |     6 |     7 ||    16
       Confused          |       |       |     8 |     5 ||    13
  Eat: Chunk             |     5 |     8 |    17 |    36 ||    66
       Meat ration       |       |     1 |     1 |     1 ||     3
       Pizza             |       |       |       |     2 ||     2
Armor: Skin              |    59 |    91 |   109 |   291 ||   550
Dodge: Dodged            |   122 |   183 |   335 |   631 ||  1271
Block: Other             |       |       |       |    22 ||    22
       Reflection        |       |       |       |     2 ||     2
